 Dungeon Sprint DCSS version 0.26-a0-649-gf8c6c3aab7 (webtiles) character file.

Game seed: 10737044016824956759

0 sahdkjhfkaj the Conjurer (level 1, 0/16 HPs)
             Began as an Octopode Conjurer on Sept 27, 2020.
             Was an Initiate of Sif Muna.
             Succumbed to a worker ant's poison
             ... in the Dungeon (Sprint VII: "The Pits").
             The game lasted 00:00:34 (76 turns).

sahdkjhfkaj the Conjurer (Octopode Conjurer)          Turns: 76, Time: 00:00:34

Health: 0/16       AC:  1    Str:  6    XL:     1   Next: 10%
Magic:  0/3        EV: 13    Int: 20    God:    Sif Muna [......]
Gold:   0          SH:  0    Dex: 10    Spells: 3/4 levels left

rFire    . . .     SeeInvis .   h - +2 dagger
rCold    . . .     Faith    .   (no shield)
rNeg     . . .     Spirit   .   (helmet restricted)
rPois    .         Reflect  .   (no amulet)
rElec    .         Harm     .   (no ring)
rCorr    .         Rampage  .   (no ring)
MR       .....     NoTele   +   (no ring)
Stlth    ..........             (no ring)
HPRegen  0.05/turn              (no ring)
MPRegen  0.08/turn              (no ring)
                                (no ring)
                                (no ring)

@: berserking, lethally poisoned (0 -> -30), very quick
A: almost no armour, stealthy swim, amphibious, 8 rings, constrict 8, camouflage
1, gelatinous body 1
a: Renounce Religion


You were in the Dungeon.
You worshipped Sif Muna.
Sif Muna was noncommittal.
You visited 1 branch

Inventory:

Hand Weapons
 h - a +2 dagger (weapon)
Scrolls
 g - a scroll of blinking
 i - 3 scrolls of remove curse
 j - 5 scrolls of amnesia
 k - a scroll of summoning
 l - 2 scrolls of vulnerability
Potions
 a - 2 potions of invisibility
 d - a potion of haste
 e - 4 potions of magic
 f - 2 potions of berserk rage


   Skills:
 - Level 2.0 Dodging
 - Level 2.6 Stealth
 + Level 2.1 Spellcasting
 * Level 4.2 Conjurations


You had 3 spell levels left.
You knew the following spells:

 Your Spells              Type           Power        Failure   Level
a - Magic Dart            Conj           ###.         2%          1

Your spell library contained the following spells:

 Spells                   Type           Power        Failure   Level
 Searing Ray              Conj           ###...       4%          2
 Dazzling Flash           Conj/Hex       ##....       21%         3
 Fulminant Prism          Conj/Hex       ##........   54%         4
 Iskenderun's Mystic Bla  Conj/Tloc      ##......     54%         4


Dungeon Overview and Level Annotations

Branches:
Dungeon (1/1)

Altars:
Ashenzari
Cheibriados
Dithmenos
Elyvilon
Fedhas
Gozag
Hepliaklqana
Kikubaaqudgha
Makhleb
Nemelex Xobeh
Okawaru
Qazlal
Ru
Sif Muna
Trog
Uskayaw
Vehumet
Wu Jian
Xom
Yredelemnul
Zin
The Shining One
Beogh
Jiyva
Lugonu


Innate Abilities, Weirdness & Mutations

You cannot wear most types of armour.
You are very stealthy in the water. (Stealth+)
You are amphibious.
You can wear up to eight rings at the same time.
You can use your tentacles to constrict eight enemies at once.
Your skin changes colour to match your surroundings (Stealth+).
Your rubbery body absorbs attacks. (AC +1, EV +1)


Message History

The magic dart hits the worker ant.
The worker ant is heavily wounded.
You feel sick. The worker ant barely misses you.
Unknown command.
You feel better. The worker ant bites you.
Ouch! That really hurt!
You are lethally poisoned!
The worker ant poisons you!
You feel much better.
You feel sick. The worker ant bites you.
You are more poisoned.
The worker ant poisons you!
A red film seems to cover your vision as you go berserk!
You feel yourself moving faster!
You feel mighty!
You feel sick. The worker ant bites you.
* * * LOW HITPOINT WARNING * * *
You are more poisoned.
The worker ant poisons you!
You hit the worker ant. You grab the worker ant.
The worker ant is severely wounded.
You constrict the worker ant, but do no damage.
You die...

############
#_________.#
#_________.#
#_______...###########++
##########'##...........
#..(.')))'.##......#..#.
##########.##...........
#......@....'...........
#+#####a#####......#..#.
#Z# #........... #.#
####'#####++ +.#
#.......# ### #.......#
#.......# #...<...#
#.......#


You could see a worker ant and a bat zombie.

Vanquished Creatures
  A goblin (D)
1 creature vanquished.

Notes
Turn   | Place    | Note
-------+----------+-------------------------------------------
     0 | D        | sahdkjhfkaj the Octopode Conjurer began the quest for the
                  | Orb.
     0 | D        | Reached XP level 1. HP: 11/11 MP: 3/3
    29 | D        | Found a bloodstained altar of Trog.
    29 | D        | Found a shimmering blue altar of Sif Muna.
    29 | D        | Found a viscous altar of Jiyva.
    29 | D        | Found a hazy altar of Hepliaklqana.
    29 | D        | Found an opulent altar of Gozag.
    30 | D        | Found a glowing golden altar of the Shining One.
    30 | D        | Found a glowing silver altar of Zin.
    30 | D        | Found a basalt altar of Yredelemnul.
    30 | D        | Found a shimmering altar of Xom.
    30 | D        | Found an ornate altar of the Wu Jian Council.
    30 | D        | Found a sacrificial altar of Ru.
    30 | D        | Found a stormy altar of Qazlal.
    30 | D        | Found an iron altar of Okawaru.
    30 | D        | Found a sparkling altar of Nemelex Xobeh.
    30 | D        | Found a burning altar of Makhleb.
    30 | D        | Found a blossoming altar of Fedhas.
    30 | D        | Found a white marble altar of Elyvilon.
    30 | D        | Found a shadowy altar of Dithmenos.
    30 | D        | Found a snail-covered altar of Cheibriados.
    31 | D        | Found a radiant altar of Vehumet.
    31 | D        | Found a corrupted altar of Lugonu.
    31 | D        | Found a roughly hewn altar of Beogh.
    32 | D        | Found a hide-covered altar of Uskayaw.
    32 | D        | Found an ancient bone altar of Kikubaaqudgha.
    32 | D        | Found a broken altar of Ashenzari.
    37 | D        | Became a worshipper of Sif Muna the Loreminder
    69 | D        | Noticed a worker ant
    76 | D        | Succumbed to a worker ant's poison

Illustrated notes

Levels and vault maps discovered:
D:        pitsprint [storerooms_1, entrance_room_1, metal_vault_8, armoury_1,
          mini_pit_1, grid_room_1, main_hall_1, silver_pit, the_coven_1,
          the_vestibule_1, steel_vault_3, golden_pit, hallway_of_sentries,
          crystal_vault_5, iron_vault_1, final_vault]

Action                   || total
-------------------------++-------
Melee: Dagger            ||     1
       Constrict         ||     1
 Cast: Magic Dart        ||     4
  Use: Potion            ||     3
Dodge: Dodged            ||     3

Table legend: (Time is in decaauts)
 A = Elapsed time spent in this place.
 B = Non-inter-level travel time spent in this place.
 C = Inter-level travel time spent in this place.
 D = Time resting spent in this place.
 E = Time spent auto-exploring this place.
 F = Levels seen in this place.
 G = Mean time per level.
                   A        B        C        D        E       F      G
               +--------+--------+--------+--------+--------+-----+--------+
         Total |     75 |     75 |      0 |     11 |      0 |   1 |   75.0 |
       Dungeon |     75 |     75 |      0 |     11 |      0 |   1 |   75.0 |
               +--------+--------+--------+--------+--------+-----+--------+

Top non-repeatable levels by time:
       D: 75 daAuts
